 Dungeon Crawl Stone Soup version 0.19-a0-16-g2b77abf (webtiles) character file.

43670 Eucla the Unseen (level 13, -6/65 HPs)
             Began as a Spriggan Enchanter on Apr 29, 2016.
             Was a High Priest of Vehumet.
             Mangled by a spiny frog (18 damage)
             ... on level 8 of the Lair of Beasts.
             The game lasted 01:04:17 (18829 turns).

Eucla the Unseen (Spriggan Enchanter)              Turns: 18829, Time: 01:04:18

Health: -6/65      AC:  5    Str:  4    XL:     13   Next: 92%
Magic:  19/24      EV: 32    Int: 19    God:    Vehumet [*****.]
Gold:   766        SH:  0    Dex: 19    Spells: 7 memorised, 7 levels left

rFire  . . .     SeeInvis +     a - +2 dagger
rCold  + . .     Gourm    .     x - +2 robe {MR+}
rNeg   . . .     Faith    .     (shield restricted)
rPois  .         Spirit   .     (helmet restricted)
rElec  .         Dismiss  .     y - +0 cloak
rCorr  .         Reflect  .     (gloves unavailable)
SustAt .         Harm     .     (boots unavailable)
MR     ++++.                    p - amulet of regeneration
Stlth  ++++++++..               g - ring of protection from cold
                                m - ring of protection from magic

@: lethally poisoned (-6 -> -10), very quick, incredibly resistant to hostile
enchantments, extraordinarily stealthy
A: unfitting armour, see invisible, herbivore 3, speed 3, slow metabolism 2
a: Renounce Religion


You were on level 8 of the Lair of Beasts.
You worshipped Vehumet.
Vehumet was extremely pleased with you.
You were not hungry.

You visited 2 branches of the dungeon, and saw 16 of its levels.

You collected 766 gold pieces.

Inventory:

Hand Weapons
 a - a +2 dagger (weapon)
Armour
 x - a +2 robe of magic resistance (worn)
 y - a +0 cloak (worn)
 B - the +1 robe "Leacad" {rC+++ rCorr Dex-2 Stlth-}
   (You found it on level 7 of the Lair of Beasts)

   It affects your dexterity (-2).
   It renders you almost immune to cold.
   It protects you from acid and corrosion.
   It makes you less stealthy.
 H - a +0 buckler
Magical Staves
 s - an uncursed staff of wizardry
Jewellery
 g - a ring of protection from cold (right hand)
 m - a ring of protection from magic (left hand)
 p - an amulet of regeneration (around neck)
 G - an uncursed ring of ice
Wands
 v - a wand of teleportation (4/9)
 w - a wand of lightning (6/15)
 C - a wand of teleportation (3/9)
 J - a wand of paralysis (6/24)
Scrolls
 b - 2 scrolls of identify
 e - 9 scrolls of remove curse
 h - 3 scrolls of recharging
 i - 3 scrolls of fog
 u - 2 scrolls of fear
 z - a scroll of blinking
 D - 3 scrolls of magic mapping
Potions
 f - 3 potions of curing
 j - 3 potions of haste
 k - 4 potions of brilliance
 l - a potion of invisibility
 n - 3 potions of flight
 q - a potion of cancellation
 t - 2 potions of berserk rage
 A - 4 potions of might
 E - a potion of cure mutation
Books
 c - a book of Maledictions

   Spells                             Type                      Level
   a - Corona                         Hexes                        1
   b - Ensorcelled Hibernation        Hexes/Ice                    2
   c - Confuse                        Hexes                        3
   d - Tukima's Dance                 Hexes                        3
   e - Dazzling Spray                 Conjuration/Hexes            3
 o - a book of Death

   Spells                             Type                      Level
   a - Corpse Rot                     Necromancy                   2
   b - Sublimation of Blood           Necromancy                   2
   c - Agony                          Necromancy                   5
   d - Dispel Undead                  Necromancy                   5
   e - Excruciating Wounds            Charms/Necromancy            5
   f - Bolt of Draining               Conjuration/Necromancy       5
 r - a Young Poisoner's Handbook

   Spells                             Type                      Level
   a - Sting                          Conjuration/Poison           1
   b - Cure Poison                    Poison                       2
   c - Mephitic Cloud                 Conjuration/Poison/Air       3
   d - Olgreb's Toxic Radiance        Poison                       4
   e - Venom Bolt                     Conjuration/Poison           5
 F - a book of the Earth

   Spells                             Type                      Level
   a - Leda's Liquefaction            Hexes/Earth                  4
   b - Bolt of Magma                  Conjuration/Fire/Earth       5
   c - Statue Form                    Transmutation/Earth          6
   d - Iron Shot                      Conjuration/Earth            6
   e - Shatter                        Earth                        9
 K - a book of Dreams

   Spells                             Type                      Level
   a - Ensorcelled Hibernation        Hexes/Ice                    2
   b - Silence                        Hexes/Air                    5
   c - Darkness                       Hexes                        6
   d - Shadow Creatures               Summoning                    6
Comestibles
 d - 14 bread rations


   Skills:
 - Level 6.0 Fighting
 - Level 10.0 Short Blades
 + Level 15.1 Dodging
 + Level 17.9 Stealth
 + Level 0.2 Shields
 - Level 7.2 Spellcasting
 + Level 9.1 Conjurations
 - Level 7.8 Hexes


You had 7 spell levels left.
You knew the following spells:

 Your Spells              Type           Power        Failure   Level  Hunger
a - Tukima's Dance        Hex            #####...     1%          3    #......
b - Ensorcelled Hibernat  Hex/Ice        ###...       3%          2    None
c - Dazzling Spray        Conj/Hex       #####...     1%          3    #......
d - Confuse               Hex            #####...     1%          3    #......
e - Sting                 Conj/Pois      ###.         1%          1    None
f - Ignite Poison         Fire/Trmt/Pois #.......     10%         3    #......
g - Fulminant Prism       Conj/Hex       #####.....   1%          4    ###....


Dungeon Overview and Level Annotations

Branches:
Dungeon (8/15)             Temple (0/1) D:6            Lair (8/8) D:8
  Swamp (0/4) Lair:6       Spider (0/4) Lair:3        Slime (0/6) Lair:7

Altars:
Ashenzari
Fedhas
Gozag
Ru
Vehumet
Xom
Yredelemnul
The Shining One
Jiyva

Shops:
D:8 *

Annotations:
Lair:7 exclusion: oklob plant


Innate Abilities, Weirdness & Mutations

You are tiny and cannot use many weapons and most armour.
You have supernaturally acute eyesight.
You are a herbivore.
You cover ground extremely quickly.
You need consume almost no food.


Message History

The spiny frog is moderately wounded.
The spray of energy hits the vampire mosquito.
The vampire mosquito is heavily damaged.
The spiny frog stings you! x2; The vampire mosquito misses you.
Unknown command.
The vampire mosquito completely misses you.
The spiny frog completely misses you.
You climb upwards.
Level annotation: exclusion: oklob plant
There is a stone staircase leading down, spattered with blood here.
The vampire mosquito bites you!
The vampire mosquito draws strength from your injuries!
The vampire mosquito completely misses you.
The spiny frog stings you!!
* * * LOW HITPOINT WARNING * * *
You are poisoned.
The spiny frog poisons you!
You climb downwards.
You feel sick. The spiny frog closely misses you. x2
The spiny frog misses you. The spiny frog stings you!!
You die...

#### #### #..##...##
##.#...###
##........##.....P...#.
#.P......................
#.P..##..P.PP#...........
#P..P.##P...##...........
###.P...P....#............
#...PP..PPP.#..F..........
##.P..P.....#.y@F.........
#...P........#.F÷.......PP
#...PP...#..#.........≈...
#..........PP.........P.≈≈
####...P................P≈
#.....................≈≈
#..................D.≈≈≈
#..........<..........≈≈≈
#.#.................≈.≈P≈≈


You could see a five-headed hydra (wandering), 3 spiny frogs and a vampire
mosquito.

Vanquished Creatures
  Maud (Lair:6)
  2 catoblepae
  11 hydras
  The ghost of tijit the Thaumaturge, a journeyman DEEE of Vehumet (Lair:1)
  Urug (Lair:4)
  3 griffons
  11 elephants (Lair:7)
  3 black mambas
  Joseph (D:7)
  Psyche (D:8)
  5 spiny frogs
  2 rime drakes
  6 komodo dragons
  10 blink frogs
  2 boulder beetles
  Sigmund (D:5)
  A spriggan (D:8)
  2 wyverns
  3 basilisks
  43 yaks
  3 vampire mosquitoes
  Menkaure (D:7)
  6 hippogriffs
  Edmund (D:5)
  13 porcupines
  3 insubstantial wisps (Lair:6)
  11 water moccasins
  Duvessa (D:5)
  2 orc warriors
  A sky beast (D:5)
  A wasp (D:7)
  3 phantoms
  A black bear (Lair:2)
  A necrophage (D:8)
  8 ogres
  22 wolves
  6 centaurs
  8 crocodiles
  8 big kobolds (D:8)
  15 giant frogs
  A wyvern zombie (D:7)
  A gnoll sergeant (D:5)
  Dowan (D:5)
  4 scorpions
  4 killer bees (D:7)
  2 wights (D:7)
  3 howler monkeys
  5 electric eels
  7 crimson imps
  2 jellies
  A centaur skeleton (D:8)
  2 hounds
  An orc priest (D:5)
  2 giant frog skeletons
  Jessica (D:3)
  Terence (D:2)
  10 iguanas
  Natasha (twice) (D:2)
  3 orc wizards
  6 worker ants
  A killer bee zombie (D:8)
  9 sheep
  A worker ant zombie (D:8)
  5 gnolls
  11 adders
  46 river rats
  2 shadow imps
  5 oozes
  2 adder skeletons
  5 worms
  2 dart slugs
  A giant gecko (D:8)
  18 orcs
  2 ball pythons (D:6)
  9 giant cockroaches
  5 goblins
  8 hobgoblins
  13 jackals
  3 quokkas
  9 bats
  2 giant gecko zombies (D:6)
  7 giant newts
  25 kobolds
  A quokka skeleton (D:7)
  12 rats
  4 fungi
492 creatures vanquished.

Vanquished Creatures (collateral kills)
  3 wights (D:7)
  2 orcs (D:7)
5 creatures vanquished.

Vanquished Creatures (others)
  An orc wizard (D:4)
  2 worker ants (D:4)
  An adder (D:4)
  2 orcs (D:4)
  A quokka (D:4)
  A ball python (D:4)
  3 fulminant prisms (Lair:4)
  17 fungi
  5 plants
33 creatures vanquished.

Grand Total: 530 creatures vanquished

Notes
Turn   | Place    | Note
--------------------------------------------------------------
     0 | D:1      | Eucla the Spriggan Enchanter began the quest for the Orb.
     0 | D:1      | Reached XP level 1. HP: 9/9 MP: 5/5
     1 | D:1      | Found a runed door.
     1 | D:1      | Noticed a jelly
   445 | D:1      | Reached XP level 2. HP: 13/13 MP: 6/6
   452 | D:1      | Learned a level 2 spell: Ensorcelled Hibernation
   920 | D:1      | Reached skill level 5 in Stealth
   947 | D:1      | Reached XP level 3. HP: 5/16 MP: 5/8
  1149 | D:1      | Reached XP level 4. HP: 4/21 MP: 4/10
  1175 | D:1      | Learned a level 3 spell: Dazzling Spray
  1179 | D:1      | Learned a level 3 spell: Confuse
  1538 | D:2      | Noticed Natasha
  1544 | D:2      | Killed Natasha
  1594 | D:2      | Noticed Terence
  1602 | D:2      | Killed Terence
  1602 | D:2      | Reached XP level 5. HP: 21/24 MP: 7/12
  1698 | D:2      | Noticed Natasha
  1752 | D:2      | Found a sacrificial altar of Ru.
  1752 | D:2      | Found a radiant altar of Vehumet.
  1756 | D:2      | Became a worshipper of Vehumet
  1930 | D:2      | Killed Natasha
  1930 | D:2      | Reached skill level 5 in Hexes
  1995 | D:3      | Learned a level 1 spell: Sting
  2281 | D:3      | Reached skill level 6 in Stealth
  2284 | D:3      | Noticed Jessica
  2292 | D:3      | Killed Jessica
  2547 | D:4      | Noticed an ogre
  2550 | D:4      | Killed an ogre
  2550 | D:4      | Reached XP level 6. HP: 28/28 MP: 12/14
  2582 | D:4      | Reached * piety under Vehumet
  2582 | D:4      | Offered knowledge of Sandblast by Vehumet.
  2582 | D:4      | Reached skill level 5 in Spellcasting
  2656 | D:4      | Reached skill level 1 in Conjurations
  2700 | D:4      | Reached skill level 7 in Stealth
  2753 | D:4      | Reached XP level 7. HP: 23/32 MP: 5/16
  2890 | D:4      | Found a shimmering altar of Xom.
  3224 | D:5      | Entered Level 5 of the Dungeon
  3224 | D:5      | Noticed Duvessa
  3224 | D:5      | Noticed Dowan
  3495 | D:5      | Noticed Sigmund
  3502 | D:5      | Killed Sigmund
  3502 | D:5      | Reached skill level 8 in Stealth
  3748 | D:5      | Reached XP level 8. HP: 36/36 MP: 6/18
  3818 | D:5      | Learned a level 3 spell: Tukima's Dance
  3933 | D:5      | Killed Duvessa
  3940 | D:5      | Killed Dowan
  3940 | D:5      | Reached skill level 9 in Stealth
  4138 | D:5      | Noticed Edmund
  4144 | D:5      | Killed Edmund
  4557 | D:6      | Reached ** piety under Vehumet
  4562 | D:6      | Offered knowledge of Throw Flame by Vehumet.
  4631 | D:6      | Reached skill level 10 in Stealth
  4631 | D:6      | Reached XP level 9. HP: 33/39 MP: 6/20
  5089 | D:6      | Found a staircase to the Ecumenical Temple.
  5175 | D:6      | Reached skill level 5 in Dodging
  5228 | D:6      | Found a shattered altar of Ashenzari.
  5308 | D:6      | Found a glowing golden altar of the Shining One.
  5484 | D:7      | Offered knowledge of Inner Flame by Vehumet.
  5624 | D:7      | Noticed Menkaure
  5637 | D:7      | Killed Menkaure
  5949 | D:7      | Noticed Joseph
  5956 | D:7      | Killed Joseph
  5956 | D:7      | Reached skill level 5 in Short Blades
  5956 | D:7      | Reached skill level 11 in Stealth
  6186 | D:7      | Reached *** piety under Vehumet
  6609 | D:7      | Found a blossoming altar of Fedhas.
  6619 | D:7      | Reached XP level 10. HP: 41/44 MP: 15/21
  6631 | D:7      | Found a basalt altar of Yredelemnul.
  6792 | D:8      | Offered knowledge of Static Discharge by Vehumet.
  6815 | D:8      | Noticed Psyche
  6824 | D:8      | Killed Psyche
  6824 | D:8      | Reached skill level 12 in Stealth
  7119 | D:8      | Found a staircase to the Lair.
  7247 | D:8      | Found Gozag's Platinum Reserve.
  7313 | D:8      | Reached skill level 5 in Conjurations
  7331 | D:8      | Reached **** piety under Vehumet
  7483 | D:8      | Offered knowledge of Ignite Poison by Vehumet.
  7488 | D:8      | Learned a level 3 spell: Ignite Poison
  7867 | D:8      | Found an opulent altar of Gozag.
  8209 | Lair:1   | Entered Level 1 of the Lair of Beasts
  8217 | Lair:1   | Noticed tijit's ghost (journeyman DEEE)
  8397 | Lair:1   | Noticed a four-headed hydra
  8415 | Lair:1   | Reached skill level 13 in Stealth
  9281 | Lair:1   | Killed a four-headed hydra
  9281 | Lair:1   | Reached skill level 10 in Dodging
  9281 | Lair:1   | Reached XP level 11. HP: 30/47 MP: 5/22
  9656 | Lair:1   | Killed tijit's ghost
  9954 | Lair:2   | Reached skill level 14 in Stealth
 10028 | Lair:2   | Reached ***** piety under Vehumet
 10311 | Lair:2   | Noticed a four-headed hydra
 10352 | Lair:2   | Killed a four-headed hydra
 10352 | Lair:2   | Offered knowledge of Spellforged Servitor by Vehumet.
 11821 | Lair:3   | Reached skill level 10 in Short Blades
 11848 | Lair:3   | Found a hole to the Spider Nest.
 11955 | Lair:3   | Reached XP level 12. HP: 37/51 MP: 23/23
 12789 | Lair:3   | Reached skill level 1 in Fighting
 12867 | Lair:3   | Reached skill level 15 in Stealth
 12990 | Lair:3   | Offered knowledge of Fulminant Prism by Vehumet.
 13001 | Lair:3   | Learned a level 4 spell: Fulminant Prism
 13446 | Lair:4   | Noticed a catoblepas
 13453 | Lair:4   | Killed a catoblepas
 13589 | Lair:4   | Noticed a five-headed hydra
 13649 | Lair:4   | Noticed Urug
 13653 | Lair:4   | Killed Urug
 13762 | Lair:4   | Killed a five-headed hydra
 13771 | Lair:4   | Noticed a six-headed hydra
 13809 | Lair:4   | Killed a six-headed hydra
 14569 | Lair:5   | Reached skill level 16 in Stealth
 14575 | Lair:5   | Noticed a six-headed hydra
 14576 | Lair:5   | Killed a six-headed hydra
 15537 | Lair:6   | Found a staircase to the Swamp.
 15598 | Lair:6   | Noticed Maud
 15612 | Lair:6   | Killed Maud
 15612 | Lair:6   | Reached XP level 13. HP: 33/62 MP: 19/24
 16062 | Lair:7   | Found a viscous altar of Jiyva.
 16063 | Lair:7   | Found a staircase to the Slime Pits.
 16403 | Lair:7   | Got a twisted robe
 16470 | Lair:6   | Identified the +1 robe "Leacad" {rC+++ rCorr Dex-2 Stlth-} (You found it on level 7 of the Lair of Beasts)
 16524 | Lair:7   | Reached skill level 5 in Fighting
 16524 | Lair:7   | Reached skill level 17 in Stealth
 17058 | Lair:7   | Offered knowledge of Irradiate by Vehumet.
 18056 | Lair:8   | Entered Level 8 of the Lair of Beasts
 18229 | Lair:7   | Reached skill level 15 in Dodging
 18829 | Lair:8   | Mangled by a spiny frog

Vault maps used:
D:1:      dpeg_arrival_caged_fury, minmay_misc_feat_room
D:2:      gammafunk_temple_overflow_elements, first_bread, uniq_terence,
          uniq_natasha
D:3:      minmay_misc_feat_ornament, lemuel_another_geyser, uniq_jessica
D:4:      xom_confusion_cloud
D:5:      st_stairs_11, amalloy_card_club, uniq_sigmund, uniq_duvessa,
          uniq_edmund
D:6:      overflow_temple_1_default, tso_altar, minmay_temple_entry_junction
D:7:      fedhas_altar_1, lemuel_doored_altar, uniq_joseph, uniq_menkaure
D:8:      nicolae_gozag_zags_fifth_avenue, lair_0_dummy, special_room,
          st_stairs_8, the_bakery, uniq_psyche
Lair:1:   st_stairs_12, cheibrodos_lair_reptile_den, grunt_megastairs_4
Lair:2:   lemuel_fruit_fields
Lair:3:   nicolae_spider_entry_non_spiders, portal_ice_cave_entry_pillars_01,
          serial_bayou_shore_b, serial_bayou_shore_b
Lair:4:   dpeg_oklob_shooting_range, serial_bayou_shore_b, uniq_urug
Lair:6:   minmay_swamp_entry_wisps, uniq_maud
Lair:7:   slime_altar_1, serial_bayou_lake_a, infiniplex_staircase_pool,
          serial_bayou_shore_b
Lair:8:   minmay_lair_end_frog_pond, uniq_snorg

Skill      XL: |  1  2  3  4  5  6  7  8  9 10 11 12 13 |
---------------+----------------------------------------+-----
Spellcasting   | 3 4 5 6 7 |  7.2
Stealth        | 5 6 7 8 10 11 13 14 16 17 | 17.9
Hexes          | 4 5 6 7 |  7.8
Short Blades   | 2 3 5 7 10 | 10.0
Conjurations   | 1 2 3 4 5 6 8 9 |  9.1
Dodging        | 4 7 10 11 13 15 | 15.1
Fighting       | 4 6 |  6.0
Shields        | |  0.2

Action                   |  1- 3 |  4- 6 |  7- 9 | 10-12 | 13-15 || total
-------------------------+-------+-------+-------+-------+-------++-------
Melee: Dagger            |   155 |   118 |   298 |   644 |   208 ||  1423
       Spear             |     1 |       |       |       |       ||     1
 Cast: Ensorcelled Hiber |     8 |    16 |    51 |   240 |    92 ||   407
       Sting             |       |     2 |     7 |       |       ||     9
       Confuse           |       |     3 |     9 |     8 |    10 ||    30
       Dazzling Spray    |       |       |    52 |    96 |    64 ||   212
       Tukima's Dance    |       |       |    11 |       |       ||    11
       Ignite Poison     |       |       |       |     5 |       ||     5
       Fulminant Prism   |       |       |       |     3 |       ||     3
Evoke: Wand              |       |       |       |    15 |       ||    15
  Use: Potion            |     1 |       |     1 |     1 |     3 ||     6
       Scroll            |       |       |    15 |    19 |     1 ||    35
 Stab: Sleeping          |     8 |    25 |    48 |   167 |    62 ||   310
       Distracted        |       |     1 |     1 |     2 |     1 ||     5
       Confused          |       |     2 |     4 |     5 |     5 ||    16
       Invisible         |       |       |     8 |     6 |     8 ||    22
  Eat: Fruit             |       |     5 |       |     7 |     2 ||    14
       Royal jelly       |       |       |     1 |     2 |       ||     3
       Pizza             |       |       |       |     1 |     1 ||     2
Armor: Robe              |    32 |    12 |    31 |    30 |    10 ||   115
Dodge: Dodged            |   134 |    67 |   255 |   609 |   304 ||  1369
